 Dungeon Crawl Stone Soup version 0.30-a0-622-gddc90eaa04 (webtiles) character file.

Game seed: 14805791669152921326

7 fortdeath9 the Trooper (level 2, 0/27 HPs)
             Began as a Hill Orc Fighter on Jan 10, 2023.
             Slain by Natasha (2 damage)
             ... on level 2 of the Dungeon.
             The game lasted 00:06:57 (180 turns).

fortdeath9 the Trooper (Hill Orc Fighter)            Turns: 180, Time: 00:06:58

Health: 0/27       AC:  9    Str: 18    XL:     2   Next: 0%
Magic:  2/2        EV:  6    Int:  8    God:
Gold:   19         SH:  4    Dex: 10    Spells: 1/1 levels left

rFire   . . .      SeeInvis .    a - +0 long sword
rCold   . . .      Faith    .    c - +0 buckler
rNeg    . . .      Spirit   .    h - +0 chain mail
rPois   .          Reflect  .    (no helmet)
rElec   .          Harm     .    (no cloak)
rCorr   .          Rampage  .    (no gloves)
Will    .....                    (no boots) Stlth
                                 (no amulet)
HPRegen 0.24/turn                (no ring)
MPRegen 0.08/turn                (no ring)

@: no status effects
A: no striking features
a: no special abilities


You were on level 2 of the Dungeon.
You visited 1 branch of the dungeon, and saw 2 of its levels.

You collected 19 gold pieces.

Inventory:

Hand Weapons
 a - a +0 long sword (weapon)
Armour
 b - a +0 scale mail {Imp armor}
 c - a +0 buckler (worn)
 h - a +0 chain mail (worn)
Potions
 d - 2 potions of might
 f - a potion of curing {unknown}


   Skills:
 + Level 3.8 Fighting
 + Level 2.2 Long Blades
 + Level 3.5 Armour
 + Level 3.4 Shields


You had one spell level left.
You didn't know any spells.
Your spell library was empty.

Dungeon Overview and Level Annotations

Branches:
Dungeon (2/15)

Altars:

Annotations:
D:2 Natasha


Message History

You closely miss Natasha. Natasha claws you but does no damage.
You closely miss Natasha. You block Natasha's attack.
You closely miss Natasha. Natasha claws you.
Natasha claws you but does no damage.
You closely miss Natasha.
Natasha stares at you and mumbles some strange words.
The magic dart hits you.
You barely miss Natasha.
Natasha casts a spell.
You barely miss Natasha.
Natasha casts a spell.
You closely miss Natasha. You block Natasha's attack.
Natasha wildly gestures.
You feel troubled. Natasha claws you but does no damage.
You closely miss Natasha.
The white imp hits you but does no damage.
Natasha claws you but does no damage.
You hit Natasha.
Natasha is moderately wounded.
The white imp gestures at you. The puff of frost hits you!
* * * LOW HITPOINT WARNING * * *
Natasha claws you.
* * * LOW HITPOINT WARNING * * *
The white imp hits you but does no damage.
You drop a red potion.
The white imp hits you but does no damage.
Natasha claws you.
* * * LOW HITPOINT WARNING * * *
The white imp barely misses you.
You closely miss Natasha.
Natasha is moderately wounded.
The white imp gestures at you. The puff of frost misses you.
Natasha claws you but does no damage. The white imp barely misses you.
The white imp shouts, "Decamp, thou gleeking beetle-headed reprobate!"
The white imp hits you but does no damage.
Natasha claws you.
You die...

### . ... ..#. ... #..#
#.# #######.###.#
.....##..#..##
###.>........
############............
#.....5.................
#.....5@######......)...
#.....h.# #.....<....
#.......# ##.........
#.$.....# ##...##...
#.......# ########.
#.......# ## #.....[.#
#.......#


You could see Natasha and 2 white imps.

Vanquished Creatures
  A bat (D:1)
  An endoplasm (D:1)
  A giant cockroach (D:1)
  2 hobgoblins
5 creatures vanquished.

Notes
Turn   | Place    | Note
-------+----------+-------------------------------------------
     0 | D:1      | fortdeath9 the Hill Orc Fighter began the quest for the
                  | Orb.
     0 | D:1      | Reached XP level 1. HP: 19/19 MP: 1/1
   153 | D:2      | Reached XP level 2. HP: 27/27 MP: 2/2
   165 | D:2      | Noticed Natasha
   180 | D:2      | Slain by Natasha

Illustrated notes

Levels and vault maps discovered:
D:1:      tarquinn_simple_flora_water_d, layout_loops_cross,
          shapermc_ecumenical_altar_flowoftime, grunt_decor_clamped
D:2:      layout_rooms, uniq_robin, uniq_natasha

Action                   || total
-------------------------++-------
Melee: Long sword        ||    23
Throw: Stone             ||     4
  Use: Scroll            ||     1
Armor: Scale mail        ||     8
       Chain mail        ||    11
Dodge: Dodged            ||     5
Block: Buckler           ||     8

Table legend: (Time is in decaauts)
 A = Elapsed time spent in this place.
 B = Non-inter-level travel time spent in this place.
 C = Inter-level travel time spent in this place.
 D = Time resting spent in this place.
 E = Time spent auto-exploring this place.
 F = Levels seen in this place.
 G = Mean time per level.
                   A        B        C        D        E       F      G
               +--------+--------+--------+--------+--------+-----+--------+
         Total |    187 |    114 |     73 |      0 |      0 |   2 |   93.5 |
       Dungeon |    187 |    114 |     73 |      0 |      0 |   2 |   93.5 |
               +--------+--------+--------+--------+--------+-----+--------+

Top non-repeatable levels by time:
     D:1: 128 daAuts
     D:2: 59 daAuts
